 Dungeon Crawl Stone Soup version 0.29.1-4-g47bece8355 (webtiles) character file.

Game seed: 10342222033360587802

91 iamoutofideas the Chopper (level 4, -3/41 HPs)
             Began as a Hill Orc Berserker on Dec 8, 2022.
             Was a Follower of Trog.
             Succumbed to an orc's poison
             ... on level 2 of the Dungeon.
             The game lasted 00:01:02 (1554 turns).

iamoutofideas the Chopper (Hill Orc Berserker)      Turns: 1554, Time: 00:01:02

Health: -3/41      AC:  3    Str: 21    XL:     4   Next: 59%
Magic:  4/4        EV: 11    Int:  7    God:    Trog [*.....]
Gold:   91         SH:  0    Dex: 10    Spells: 3/3 levels left

rFire   . . .      SeeInvis .   a - +0 hand axe
rCold   . . .      Faith    .   (no shield)
rNeg    . . .      Spirit   .   c - +0 leather armour
rPois   .          Reflect  .   (no helmet)
rElec   .          Harm     .   (no cloak)
rCorr   .          Rampage  .   (no gloves)
Will    ++...                   (no boots)
Stlth   +.........              (no amulet)
HPRegen 1.13/turn               (no ring)
MPRegen 0.09/turn               (no ring)

@: lethally poisoned (-3 -> -21), strong-willed, on berserk cooldown,
regenerating, hasted and slowed
A: no striking features
a: Renounce Religion, Berserk


You were on level 2 of the Dungeon.
You worshipped Trog.
Trog was aware of your devotion.
You visited 1 branch of the dungeon, and saw 2 of its levels.

You collected 91 gold pieces.

Inventory:

Hand Weapons
 a - a +0 hand axe (weapon)
Armour
 b - a +0 animal skin
 c - a +0 leather armour (worn)
Scrolls
 f - 4 scrolls of teleportation {unknown}
 g - a scroll of identify {unknown}
Potions
 d - a potion of haste
 e - a potion of heal wounds


   Skills:
 + Level 4.4 Fighting
 + Level 5.1 Axes
 + Level 2.9 Armour
 + Level 2.1 Dodging
 + Level 0.5 Stealth


You had 3 spell levels left.
You didn't know any spells.
Your spell library was empty.

Dungeon Overview and Level Annotations

Branches:
Dungeon (2/15)

Altars:


Message History

You feel sick.
The orc hits you with a +2 falchion of venom!
You are more poisoned.
You hit the orc but do no damage.
The orc is almost dead.
You feel very sick.
The orc hits you with a +2 falchion of venom.
You are lethally poisoned!
You are too injured to fight recklessly!
You are too injured to fight recklessly!
You are too injured to fight recklessly!
You barely miss the orc.
The orc is almost dead.
You are no longer berserk.
You are exhausted.
You feel yourself slow down.
You feel very sick.
You closely miss the orc.
The orc is almost dead.
* * * LOW HITPOINT WARNING * * *
You feel extremely sick.
The orc hits you with a +2 falchion of venom.
* * * LOW HITPOINT WARNING * * *
The orc hits you but does no damage.
You are more poisoned.
It was a potion of heal wounds.
You feel much better.
You feel extremely sick. The orc hits you but does no damage.
You are lethally poisoned!
It was a potion of haste.
You feel yourself speed up.
* * * LOW HITPOINT WARNING * * *
You feel extremely sick.
The orc hits you with a +2 falchion of venom.
* * * LOW HITPOINT WARNING * * *
You are more poisoned.
The orc closely misses you.
Your skin crawls.
You feel strong-willed.
You can no longer call upon Trog for regeneration and willpower.
You die...

.# #. ... .. #.. #>
#.##. ######### ..#.
#.......# #.. #.......#
#o##.......# #@#.......#
#)#.......# #.#
##.#.......# #.#
#..........# #..
#.###..#.##.# #.#
..####..#.##.# #.#
#..##.......##.# #.#
.....#.##..####.####.#
##.....†...####......###


You could see an orc.

Vanquished Creatures
  An orc wizard (D:2)
  An adder (D:2)
  2 gnolls (D:2)
  A worm (D:2)
  3 orcs (D:2)
  3 bats (D:1)
  3 endoplasms (D:2)
  2 giant cockroaches (D:1)
  3 goblins
  2 hobgoblins
  A kobold (D:1)
  A quokka (D:2)
  2 ball pythons
  A frilled lizard (D:1)
  6 rats
32 creatures vanquished.

Vanquished Creatures (others)
  7 plants (D:1)
7 creatures vanquished.

Grand Total: 39 creatures vanquished

Notes
Turn   | Place    | Note
-------+----------+-------------------------------------------
     0 | D:1      | iamoutofideas the Hill Orc Berserker began the quest for
                  | the Orb.
     0 | D:1      | Reached XP level 1. HP: 19/19 MP: 1/1
   140 | D:1      | Reached XP level 2. HP: 26/27 MP: 2/2
  1069 | D:2      | Reached XP level 3. HP: 28/33 MP: 3/3
  1198 | D:2      | Reached XP level 4. HP: 21/40 MP: 4/4
  1537 | D:2      | Reached skill level 5 in Axes
  1539 | D:2      | Reached ** piety under Trog
  1551 | D:2      | HP: 2/41 [orc/+2 falchion of venom (4)]
  1554 | D:2      | Succumbed to an orc's poison

Illustrated notes

Levels and vault maps discovered:
D:1:      tarquinn_simple_flora_water_c, layout_basic, serial_bayou,
          serial_bayou_lagoon_b, serial_bayou_ford_a, serial_bayou_lagoon_a,
          serial_bayou_shore_b
D:2:      layout_loops_cross, chequers_serial_rivers_micro_c,
          nicolae_eternal_life, minmay_tiny_reverse_x

Skill      XL: |  1  2  3  4 |
---------------+-------------+-----
Fighting       | 4 |  4.4
Dodging        | 2 |  2.1
Axes           | 5 |  5.1
Armour         | |  2.9
Stealth        | |  0.5

Action                   |  1- 3 |  4- 6 || total
-------------------------+-------+-------++-------
Melee: Hand axe          |    59 |    28 ||    87
Invok: Berserk           |     2 |     1 ||     3
       Trog's Hand       |       |     1 ||     1
  Use: Potion            |       |     2 ||     2
Armor: Leather armour    |    19 |     5 ||    24
Dodge: Dodged            |    41 |     6 ||    47
